 Dungeon Crawl Stone Soup version 0.31-a0-627-gd65175cf8b (webtiles) character file.

Game seed: 7099363896411409135

6888 GenialerGandalf the Cleaver (level 11, -1/97 HPs)
             Began as a Hill Orc Fighter on Aug 25, 2023.
             Was a Priest of Beogh.
             Killed by divine providence
             ... invoked by an orc priest
              (14 damage)
             ... on level 9 of the Dungeon.
             The game lasted 00:30:03 (9209 turns).

GenialerGandalf the Cleaver (Hill Orc Fighter)      Turns: 9209, Time: 00:30:03

Health: -1/97      AC: 12    Str: 24    XL:     11   Next: 6%
Magic:  14/14      EV:  9    Int: 14    God:    Beogh [***...]
Gold:   468        SH:  5    Dex: 10    Spells: 10/10 levels left

rFire   + . .        s - +2 broad axe "Ziloguli" {venom, rF+}
rCold   . . .        c - +0 buckler
rNeg    . . .        b - +0 scale mail
rPois   .            (no helmet)
rElec   .            F - +0 cloak
rCorr   .            y - +0 pair of gloves
SInv    .            t - +0 pair of boots
Will    .....        (no amulet) Stlth
                     v - +6 ring of intelligence
HPRegen 0.36/turn    (no ring)
MPRegen 0.14/turn

%: no passive effects
@: no status effects
A: no striking features
a: Renounce Religion, Smiting


You were on level 9 of the Dungeon.
You worshipped Beogh.
Beogh was most pleased with you.
You visited 2 branches of the dungeon, and saw 10 of its levels.

You collected 468 gold pieces.

Inventory:

Hand Weapons
 a - a +0 war axe
 s - the +2 broad axe "Ziloguli" (weapon) {venom, rF+}
   (You found it on level 5 of the Dungeon)

   rF+:       It protects you from fire.
Armour
 b - a +0 scale mail (worn)
 c - a +0 buckler (worn)
 e - a +0 cloak
 h - a +0 cloak
 t - a +0 pair of boots (worn)
 y - a +0 pair of gloves (worn)
 F - a +0 cloak (worn)
Jewellery
 n - an amulet of guardian spirit
 v - a +6 ring of intelligence (left hand)
Wands
 g - a wand of flame (36)
 m - a wand of light (13) (quivered)
 q - a wand of polymorph (9)
 I - a wand of iceblast (7)
 J - a wand of mindburst (5)
Scrolls
 d - 3 scrolls of teleportation
 f - a scroll of enchant weapon {unknown}
 l - 3 scrolls of fear
 u - a scroll of noise {unknown}
 x - a scroll of blinking {unknown}
 A - a scroll of revelation {unknown}
 C - a scroll of vulnerability {unknown}
 D - a scroll of fog {unknown}
 E - a scroll of immolation {unknown}
 G - a scroll of amnesia {unknown}
 H - a scroll of enchant armour {unknown}
Potions
 i - 3 potions of curing
 j - 4 potions of enlightenment
 k - 2 potions of lignification
 o - 5 potions of heal wounds
 p - a potion of mutation {unknown}
 r - 2 potions of might
 w - a potion of brilliance {unknown}
 z - 3 potions of haste
 B - a potion of degeneration {unknown}


   Skills:
 * Level 9.1 Fighting
 * Level 14.6 Axes
 * Level 9.0 Armour
 * Level 6.7 Shields
 * Level 5.2 Invocations


You had 10 spell levels left.
You didn't know any spells.
Your spell library contained the following spells:

 Spells                   Type           Power      Damage    Failure   Level
 Slow                     Hex            0%         N/A       58%         1
 Poisonous Vapours        Pois/Air       0%         N/A       73%         2
 Confusing Touch          Hex            0%         N/A       91%         3
 Mephitic Cloud           Conj/Pois/Air  0%         N/A       91%         3
 Vampiric Draining        Necr           0%         2d6       91%         3
 Freezing Cloud           Conj/Ice/Air   0%         6-21      100%        5
 Summon Forest            Summ/Tloc      0%         N/A       100%        5
 Summon Mana Viper        Hex/Summ       0%         N/A       100%        5
 Summon Cactus Giant      Summ           0%         N/A       100%        6


Dungeon Overview and Level Annotations

Branches:
Dungeon (9/15)             Temple (1/1) D:7            Lair (0/5) D:8
    Orc (0/2) D:9

Altars:
Ashenzari
Cheibriados
Dithmenos
Elyvilon
Fedhas
Hepliaklqana
Kikubaaqudgha
Makhleb
Nemelex Xobeh
Okawaru
Ru
Sif Muna
Trog
Uskayaw
Vehumet
Wu Jian
Xom
Yredelemnul
Zin
The Shining One

Shops:
D:3 (   D:5 *

Portals:
Abyss: D:7

Annotations:
D:6 exclusion: statue
D:7 2 transporters, niknal's ghost, novice TrWr


Message History

You closely miss the warg. The warg bites you.
You slash the warg!
The warg is moderately wounded.
The warg bites you but does no damage.
The orc priest begins to cast a cantrip, but forgets the words!
You hit the warg but do no damage.
The warg is moderately wounded.
The warg bites you!
You slash the warg!
The warg is severely wounded.
The warg barely misses you.
The orc priest invokes the aid of Beogh against you.
Beogh smites you!
You hit the warg.
The warg is severely wounded.
The warg bites you! The warg bites you.
The orc priest looks braver for a moment.
You slash the warg!
You kill the warg!
Beogh accepts your kill.
Your orc warrior looks more experienced.
The orc priest hits you but does no damage.
The orc warrior hits you with a +0 battleaxe!
* * * LOW HITPOINT WARNING * * *
You slice the orc warrior!!
The orc warrior is severely wounded.
You barely miss the orc priest.
The orc priest hits you but does no damage.
The orc warrior hits you with a +0 battleaxe!
* * * LOW HITPOINT WARNING * * *
You slash the orc warrior!
You kill the orc warrior!
Beogh accepts your kill.
You barely miss the orc priest. You block the orc priest's attack.
Your Armour skill increases to level 9!
You swap places.
The orc priest mumbles some strange prayers to Beogh against you.
Beogh smites you!
You die...
Beogh appreciates the orc priest's killing of a heretic priest.

#.# #.#### #####.....
##.....#### #####
#...#..# ##...##
##...##.#
##.8.8.###)....###
+.......+.......#####
#..#@#..#..#)#..#....
#. #o##.#.##.##.#####
# #o).#.#.#...#.#
#.#.[.#.#.#...#.#
#.##.##.#.##.##.#
#..#+#..#..#.#..#
#.......#......##
##.8.8.###.....###
##.....###....##.#


You could see an orc priest (ally target) and a friendly orc warrior.

Vanquished Creatures
  A two-headed ogre (D:8)
  A manticore (D:7)
  Psyche (D:9)
  A rime drake (D:8)
  Grinder (D:6)
  A hornet (D:9)
  Sigmund (D:4)
  A wyvern (D:8)
  Eustachio (D:4)
  A steam dragon (D:6)
  A warg (D:9)
  A water moccasin (D:5)
  Duvessa (D:4)
  3 orc warriors
  5 ice beasts (D:8)
  2 black bears
  4 sky beasts
  4 wolves (D:8)
  An ogre (D:5)
  2 centaurs (D:7)
  3 kobold brigands
  A bullfrog (D:7)
  A gnoll sergeant (D:8)
  3 scorpions (D:5)
  12 wights
  Dowan (D:4)
  6 killer bees (D:9)
  A howler monkey (D:5)
  3 orc priests
  4 hounds
  2 gnoll boudas
  Ijyb (D:5)
  3 iguanas
  3 orc wizards
  20 gnolls
  4 adders
  5 white imps (D:6)
  3 worms
  5 dart slugs
  12 orcs
  10 bats
  11 endoplasms
  3 giant cockroaches (D:1)
  7 goblins
  7 hobgoblins
  3 jackals (D:1)
  5 quokkas
  5 ball pythons
  2 frilled lizards
  20 kobolds
  3 rats
203 creatures vanquished.

Vanquished Creatures (others)
  An orc (D:5)
1 creature vanquished.

Grand Total: 204 creatures vanquished

Notes
Turn   | Place    | Note
-------+----------+-------------------------------------------
     0 | D:1      | GenialerGandalf the Hill Orc Fighter began the quest for
                  | the Orb.
     0 | D:1      | Reached XP level 1. HP: 19/19 MP: 1/1
    10 | D:1      | Found a faded altar of an unknown god.
    82 | D:1      | Reached XP level 2. HP: 27/27 MP: 2/2
   161 | D:1      | Reached skill level 3 in Axes
   283 | D:1      | Reached XP level 3. HP: 33/33 MP: 3/3
  1424 | D:2      | Reached XP level 4. HP: 40/40 MP: 4/4
  1834 | D:3      | Reached skill level 4 in Axes
  1894 | D:3      | Noticed a kobold brigand
  1894 | D:3      | Noticed a kobold brigand
  1910 | D:3      | HP: 1/40 [gnoll/+0 spear (4)]
  2125 | D:3      | Found Ynilogoll's Weapon Shop.
  2179 | D:3      | Found a broken altar of Ashenzari.
  2186 | D:3      | Reached XP level 5. HP: 46/46 MP: 5/5
  2257 | D:3      | Killed a kobold brigand
  2258 | D:3      | Reached skill level 5 in Axes
  2358 | D:3      | Killed a kobold brigand
  2359 | D:3      | Reached XP level 6. HP: 45/53 MP: 6/6
  2489 | D:3      | Identified the +11 trident "Hifoqess" {holy, rC+ rN+ Will+
                  | Int+3}
  2695 | D:4      | Noticed Eustachio
  2869 | D:4      | Noticed Duvessa
  2869 | D:4      | Noticed Dowan
  2880 | D:4      | Killed Duvessa
  2881 | D:4      | Reached skill level 6 in Axes
  2889 | D:4      | Killed Dowan
  2890 | D:4      | Reached skill level 5 in Fighting
  2890 | D:4      | Reached skill level 5 in Armour
  3236 | D:4      | Reached XP level 7. HP: 43/61 MP: 7/7
  3334 | D:4      | Killed Eustachio
  3335 | D:4      | Reached skill level 7 in Axes
  3854 | D:4      | Noticed Sigmund
  3860 | D:4      | Killed Sigmund
  3861 | D:4      | Reached skill level 8 in Axes
  4089 | D:5      | Entered Level 5 of the Dungeon
  4089 | D:5      | Found Valil's Assorted Antiques.
  4166 | D:5      | Reached XP level 8. HP: 46/69 MP: 8/8
  4264 | D:5      | Found a sacrificial altar of Ru.
  4333 | D:5      | Identified the +2 broad axe "Ziloguli" {venom, rF+}
  4340 | D:5      | Became a worshipper of Beogh the Brigand
  4427 | D:5      | Reached skill level 9 in Axes
  4428 | D:5      | Found a hide-covered altar of Uskayaw.
  4495 | D:5      | Noticed Ijyb
  4507 | D:5      | Killed Ijyb
  4581 | D:5      | Reached skill level 5 in Shields
  4903 | D:5      | Reached skill level 10 in Axes
  5125 | D:6      | Reached XP level 9. HP: 68/77 MP: 9/9
  5203 | D:6      | Reached * piety under Beogh
  5453 | D:6      | Noticed Grinder
  5458 | D:6      | Reached skill level 1 in Invocations
  5458 | D:6      | Paralysed by Grinder for 3 turns
  5465 | D:6      | Killed Grinder
  5466 | D:6      | Reached skill level 11 in Axes
  5656 | D:6      | Found a radiant altar of Vehumet.
  6030 | D:7      | Found a transporter.
  6033 | D:7      | Found a transporter.
  6078 | D:7      | Found a one-way gate to the infinite horrors of the Abyss.
  6156 | D:7      | Found a staircase to the Ecumenical Temple.
  6172 | D:7      | Reached ** piety under Beogh
  6176 | Temple   | Found a transporter.
  6176 | Temple   | Found a transporter.
  6176 | Temple   | Found a transporter.
  6176 | Temple   | Found a transporter.
  6176 | Temple   | Entered the Ecumenical Temple
  6611 | D:7      | Noticed niknal's ghost (novice TrWr)
  6677 | D:7      | Found an ornate altar of the Wu Jian Council.
  6916 | D:7      | Reached skill level 12 in Axes
  7108 | D:7      | Found a shimmering altar of Xom.
  7109 | D:7      | Found a shadowy altar of Dithmenos.
  7476 | D:7      | Noticed a manticore
  7485 | D:7      | Killed a manticore
  7486 | D:7      | Reached XP level 10. HP: 50/86 MP: 12/12
  7808 | D:8      | Reached skill level 13 in Axes
  8050 | D:8      | Noticed a two-headed ogre
  8064 | D:8      | Killed a two-headed ogre
  8474 | D:8      | Found a staircase to the Lair.
  8505 | D:8      | Reached skill level 14 in Axes
  8939 | D:9      | Reached *** piety under Beogh
  8956 | D:9      | Noticed Psyche
  8966 | D:9      | Killed Psyche
  9036 | D:9      | Found a staircase to the Orcish Mines.
  9043 | D:9      | Reached skill level 5 in Invocations
  9045 | D:9      | Reached XP level 11. HP: 86/95 MP: 14/14
  9209 | D:9      | Killed from afar by an orc priest

Illustrated notes

Levels and vault maps discovered:
D:1:      minmay_arrival_checkered_box, layout_loops_ring,
          shapermc_ecumenical_altar_venn
D:2:      layout_loops_corners
D:3:      cheibrodos_thug_alley, layout_loops_cross,
          mainiacjoe_overflow_alcove_2, serial_shops,
          nicolae_shop_rolling_square
D:4:      layout_basic, serial_bayou, serial_bayou_pond_b, serial_bayou_pond_b,
          serial_bayou_pond_e, serial_bayou_crossing, serial_bayou_lagoon_a,
          serial_bayou_ford_a, serial_bayou_pond_e, st_stairs_7, uniq_eustachio,
          uniq_sigmund, uniq_duvessa
D:5:      layout_loops_ring, nicolae_ru_great_annihilating_truth,
          mainiacjoe_overflow_brackets, serial_shops, shop, serial_glass,
          glass_columns_a, glass_columns_a, chequers_serial_rivers_micro_a,
          uniq_ijyb
D:6:      layout_loops_cross, vehumet_statue, uniq_grinder
D:7:      layout_layer_cave, nicolae_overflow_squiral, nzn_wu_jian_council_hall,
          minmay_temple_entry_proselytizer, gammafunk_ghost_abyssal_escape
D:8:      layout_rooms, hellmonk_lair_entry_icy
D:9:      minmay_shrinking_squares, layout_small_grid, jmf_multi_god_temple2,
          david_orc_1_choice, kennysheep_cross_bottleneck, uniq_psyche,
          uniq_gastronok
Temple:   hellmonk_temple_divided_pantheon

Skill      XL: |  1  2  3  4  5  6  7  8  9 10 11 |
---------------+----------------------------------+-----
Axes           | 3 4 5 6 8 10 12 14 | 14.6
Fighting       | 4 5 6 7 8 9 |  9.1
Armour         | 4 5 6 8 9 |  9.0
Shields        | 4 5 6 |  6.7
Invocations    | 3 5 |  5.2

Action                     |  1- 3 |  4- 6 |  7- 9 | 10-12 || total
---------------------------+-------+-------+-------+-------++-------
  Melee: War axe           |   105 |   214 |   168 |       ||   487
         Broad axe         |       |       |   188 |   103 ||   291
 Invoke: Convert to Beogh  |       |       |     1 |       ||     1
  Evoke: Wand              |       |       |       |     2 ||     2
    Use: Scroll            |       |     2 |       |     6 ||     8
         Potion            |       |     1 |       |       ||     1
   Stab: Invisible         |       |       |       |     3 ||     3
 Armour: Scale mail        |    49 |    95 |   105 |    64 ||   313
  Dodge: Dodged            |    56 |    83 |   124 |    51 ||   314
  Block: Buckler           |    24 |    37 |    49 |    26 ||   136

Table legend: (Time is in decaauts)
 A = Elapsed time spent in this place.
 B = Non-inter-level travel time spent in this place.
 C = Inter-level travel time spent in this place.
 D = Time resting spent in this place.
 E = Time spent auto-exploring this place.
 F = Levels seen in this place.
 G = Mean time per level.
                   A        B        C        D        E       F      G
               +--------+--------+--------+--------+--------+-----+--------+
         Total |   9503 |   9275 |    228 |    545 |   6271 |  10 |  950.3 |
       Dungeon |   9305 |   9091 |    214 |    545 |   6099 |   9 | 1033.9 |
        Temple |    197 |    183 |     14 |      0 |    172 |   1 |  197.0 |
               +--------+--------+--------+--------+--------+-----+--------+

Top non-repeatable levels by time:
     D:7: 1757 daAuts
     D:4: 1645 daAuts
     D:3: 1061 daAuts
     D:5: 1005 daAuts
     D:8: 992 daAuts
     D:6: 910 daAuts
     D:2: 891 daAuts
     D:1: 771 daAuts
     D:9: 271 daAuts
  Temple: 197 daAuts
